 Seeded DCSS version 0.32-a0-376-g7f4458d (webtiles) character file.

Game seed: 8831602498682816792 (custom seed)

148 brinewave the Apothecary (level 5, 0/34 HPs)
             Began as an Octopode Alchemist on Feb 18, 2024.
             Slain by a black bear (7 damage)
             ... on level 3 of the Dungeon.
             The game lasted 00:10:11 (2316 turns).

brinewave the Apothecary (Octopode Alchemist)       Turns: 2316, Time: 00:10:12

Health: 0/34       AC:  1    Str:  7    XL:     5   Next: 30%
Magic:  9/9        EV: 13    Int: 20    God:
Gold:   119        SH:  0    Dex: 12    Spells: 6/9 levels left

rFire   . . .        f - +2 short sword (venom)
rCold   . . .        (no shield)
rNeg    . . .        (helmet restricted)
rPois   .            (no amulet)
rElec   .            (no ring)
rCorr   .            (no ring)
SInv    .            (no ring)
Will    .....        (no ring)
Stlth   +++          (no ring)
HPRegen 0.25/turn    (no ring)
MPRegen 0.11/turn    (no ring)
                     (no ring)

%: no passive effects
@: no status effects
A: almost no armour, amphibious, 8 rings, camouflage 1, gelatinous body 1,
(nimble swimmer 1), tentacles
a: no special abilities


You were on level 3 of the Dungeon.
You visited 1 branch of the dungeon, and saw 3 of its levels.

You collected 119 gold pieces.

Inventory:

Hand Weapons
 f - a +2 short sword of venom (weapon)
Missiles
 b - 18 stones
Scrolls
 e - a scroll of brand weapon {unknown}
 g - a scroll of enchant armour {unknown}
 h - a scroll of amnesia {unknown}
 i - a scroll of blinking
Potions
 a - a potion of magic
 c - a potion of curing {unknown}
 d - 2 potions of enlightenment


   Skills:
 + Level 1.8 Fighting
 + Level 3.0 Dodging
 - Level 2.6 Stealth
 + Level 2.7 Spellcasting
 + Level 2.3 Conjurations
 + Level 4.0 Alchemy


You had 6 spell levels left.
You knew the following spells:

 Your Spells              Type           Power      Damage    Failure   Level
a - Sting                 Conj/Alch      60%        1d6       4%          1
b - Mercury Vapours       Alch/Air       20%        N/A       10%         2

Your spell library contained the following spells:

 Spells                   Type           Power      Damage    Failure   Level
 Mephitic Cloud           Conj/Alch/Air  11%        N/A       19%         3
 Olgreb's Toxic Radiance  Alch           19%        N/A       26%         4
 Gell's Gravitas          Tloc           2%         N/A       41%         3
 Teleport Other           Tloc           2%         N/A       41%         3
 Sticky Flame             Fire/Alch      10%        2d5       54%         4
 Dispersal                Tloc           1%         N/A       100%        6


Dungeon Overview and Level Annotations

Branches:
Dungeon (3/15)

Altars:
Elyvilon


Innate Abilities, Weirdness & Mutations

You cannot wear most types of armour.
You are amphibious.
You can wear up to eight rings at the same time.
Your skin changes colour to match your surroundings (Stealth+).
Your rubbery body absorbs attacks. (AC +1, EV +1)
((You are camouflaged when in or above water. (Stealth+)))
You have tentacles for arms and can constrict up to eight enemies at once.


Message History

You open the door.
There is a stone staircase leading up, spattered with blood here.
You open the door.
There is an open door here.
Done exploring.
Done exploring.
Blink to where?
Press: ? - help, Dir - move target
As you read the scroll labelled XAOTTA KEFASARU, it crumbles to dust.
It was a scroll of blinking.
There is a stone staircase leading down here.
You climb downwards.
Found 4 gold pieces.
Found an escape hatch in the ceiling.
Found a stone staircase leading down.
There is a stone staircase leading up here.
A black bear is nearby!
The helpless black bear fails to defend itself.
You puncture the black bear!
The black bear is poisoned.
Your grab misses the black bear.
The black bear is moderately wounded.
The black bear bites you! The black bear claws you. x2
Aiming: Sting (safe; 4% risk of failure)
Press: ? - help, Q - select action, (/) - cycle Shift-Dir - straight line, f - black bear
Aim: a black bear (moderately wounded, very poisoned, 81% to hit)
The sting misses the black bear.
The black bear bites you! The black bear claws you.
The black bear claws you but does no damage.
There is a stone staircase leading up here.
Found a scroll labelled TUEN RANEUMP.
A kobold comes into view. It is wielding a +0 dagger.
The kobold shouts!
You hear a shout!
The black bear goes berserk!
The black bear rages.
The black bear rages.
The black bear completely misses you. The black bear claws you.
The black bear closely misses you. The black bear bites you.
* * * LOW HITPOINT WARNING * * *
The black bear claws you!
You die...

######........#
..............#
.........># .###
#####..#.###....
#..#.......#
#.###.....<##..##
#.....K.<....$...
#####.h........##
##@###.##.... #.#
.# .### #.# .# #
#?# .# #.# .# #.#
.# #.# #.#


You could see a black bear (berserk, poisoned) and a kobold.

Vanquished Creatures
  Jessica (D:2)
  Robin (D:1)
  2 adders
  A ribbon worm (D:2)
  3 ball pythons (D:1)
  3 endoplasms
  3 giant cockroaches
  18 goblins
  6 hobgoblins
  4 bats
  3 frilled lizards (D:1)
  2 kobolds
  3 rats (D:1)
50 creatures vanquished.

Notes
Turn   | Place    | Note
-------+----------+-------------------------------------------
     0 | D:1      | brinewave the Octopode Alchemist began the quest for the
                  | Orb.
     0 | D:1      | Reached XP level 1. HP: 11/11 MP: 3/3
   164 | D:1      | Reached XP level 2. HP: 18/18 MP: 3/5
   671 | D:1      | Learned a level 2 spell: Mercury Vapours
   825 | D:1      | Reached XP level 3. HP: 22/22 MP: 2/6
   938 | D:2      | Noticed Robin
   948 | D:1      | Reached skill level 1 in Fighting
  1135 | D:1      | Reached XP level 4. HP: 19/28 MP: 4/7
  1186 | D:1      | Killed Robin
  1325 | D:2      | Noticed Jessica
  1336 | D:2      | Killed Jessica
  1489 | D:2      | Found a faded altar of an unknown god.
  1602 | D:2      | Reached XP level 5. HP: 31/34 MP: 6/9
  1636 | D:2      | Reached skill level 4 in Alchemy
  2106 | D:2      | Found a white marble altar of Elyvilon.
  2302 | D:3      | Noticed a black bear
  2316 | D:3      | Slain by a black bear

Illustrated notes

Levels and vault maps discovered:
D:1:      eino_arrival_cavern_b, layout_loops_cross
D:2:      cheibrodos_greedy_goblins, layout_basic, basic_ecumenical_altar,
          basic_altar, uniq_robin, uniq_jessica
D:3:      layout_loops_ring, mainiacjoe_overflow_24_doors,
          pf_guarded_unrand_delatra

Skill      XL: |  1  2  3  4  5 |
---------------+----------------+-----
Fighting       | 1 |  1.8
Conjurations   | 2 |  2.3
Alchemy        | 4 |  4.0
Dodging        | 3 |  3.0
Stealth        | |  2.6
Spellcasting   | |  2.7

Action                     |  1- 3 |  4- 6 || total
---------------------------+-------+-------++-------
  Melee: Short sword       |     9 |    15 ||    24
         Tentacles         |     4 |     4 ||     8
         Dagger            |     1 |       ||     1
         Unarmed           |     1 |       ||     1
         Constrict         |     2 |     1 ||     3
   Cast: Sting             |    30 |    34 ||    64
         Mercury Vapours   |     3 |     3 ||     6
    Use: Scroll            |     2 |     2 ||     4
         Potion            |     1 |       ||     1
   Stab: Sleeping          |     1 |     3 ||     4
         Distracted        |       |     1 ||     1
 Armour: Skin              |    26 |    28 ||    54
  Dodge: Dodged            |    29 |    23 ||    52

Table legend: (Time is in decaauts)
 A = Elapsed time spent in this place.
 B = Non-inter-level travel time spent in this place.
 C = Inter-level travel time spent in this place.
 D = Time resting spent in this place.
 E = Time spent auto-exploring this place.
 F = Levels seen in this place.
 G = Mean time per level.
                   A        B        C        D        E       F      G
               +--------+--------+--------+--------+--------+-----+--------+
         Total |   2321 |   2240 |     81 |    465 |   1316 |   3 |  773.7 |
       Dungeon |   2321 |   2240 |     81 |    465 |   1316 |   3 |  773.7 |
               +--------+--------+--------+--------+--------+-----+--------+

Top non-repeatable levels by time:
     D:1: 1321 daAuts
     D:2: 986 daAuts
     D:3: 13 daAuts
